 Dungeon Crawl Stone Soup version 0.26.0-9-gab577f9fc5 (webtiles) character file.

Game seed: 17431919511846681756

105 DocSulfur the Chopper (level 4, -2/33 HPs)
             Began as a Demonspawn Gladiator on Jan 14, 2021.
             Slain by an orc priest
             ... wielding a +0 hand axe
              (5 damage)
             ... on level 3 of the Dungeon.
             The game lasted 00:03:51 (3178 turns).

DocSulfur the Chopper (Demonspawn Gladiator)        Turns: 3178, Time: 00:03:52

Health: -2/33      AC:  8    Str: 16    XL:     4   Next: 53%
Magic:  0/4        EV: 11    Int:  9    God:
Gold:   200        SH:  0    Dex: 14    Spells: 3/3 levels left

rFire    . . .     SeeInvis .   a - +0 war axe
rCold    . . .     Faith    +   (no shield)
rNeg     . . .     Spirit   +   m - +0 ring mail (curse)
rPois    .         Reflect  .   c - +0 helmet
rElec    .         Harm     .   (no cloak)
rCorr    .         Rampage  .   (no gloves)
Will     .....                  g - +1 pair of boots
Stlth    +.........             o - amulet of faith (curse)
HPRegen  0.11/turn              (no ring)
MPRegen  0.09/turn              (no ring)

@: no status effects
A: magic shield
a: no special abilities


You were on level 3 of the Dungeon.
You visited 1 branch of the dungeon, and saw 3 of its levels.

You collected 200 gold pieces.

Inventory:

Hand Weapons
 a - a +0 war axe (weapon)
Missiles
 d - 3 throwing nets (quivered)
 e - 31 poisoned darts
Armour
 b - a +0 leather armour
 c - a +0 helmet (worn)
 g - a +1 pair of boots (worn)
 m - a cursed +0 ring mail (worn)
Jewellery
 o - a cursed amulet of faith (around neck)
Scrolls
 f - 2 scrolls of amnesia {unknown}
 h - 2 scrolls of teleportation {unknown}
 i - a scroll of blinking {unknown}
 l - 3 scrolls of identify {unknown}
 n - a scroll of remove curse {unknown}
 p - a scroll of immolation {unknown}
 t - a scroll of enchant armour {unknown}
Potions
 j - a potion of lignification {unknown}
 k - a potion of attraction {unknown}
 q - a potion of magic {unknown}
 r - 2 potions of degeneration {unknown}
 s - a potion of curing {unknown}


   Skills:
 - Level 2.0 Fighting
 * Level 4.3 Axes
 + Level 2.9 Throwing
 - Level 2.6 Dodging


You had 3 spell levels left.
You didn't know any spells.
Your spell library was empty.

Dungeon Overview and Level Annotations

Branches:
Dungeon (3/15)

Altars:
Kikubaaqudgha
Wu Jian


Innate Abilities, Weirdness & Mutations

When hurt, damage is shared between your health and your magic reserves.


Message History

The orc priest miscasts a cantrip.
You closely miss the orc priest.
The orc priest is heavily wounded.
The orc priest hits you but does no damage.
The orc barely misses you.
The orc hits you from afar with a +0 trident.
The goblin shouts!
You slash the orc priest!
The orc priest is almost dead.
The orc barely misses you. x2
Your ring mail prevents you from hitting the orc priest.
The orc priest is almost dead.
You barely miss the orc priest.
The orc priest miscasts a cantrip.
The orc priest mumbles some strange prayers to Beogh against you.
Beogh smites you!
* * * LOW HITPOINT WARNING * * *
The orc hits you but does no damage. The orc barely misses you.
The orc priest hits you with a +0 hand axe.
You die...

.........###.#.(....## .
#....................
..##.......##........(<#
........#.#.......(#..#
. #..#..#.#..##.#(.#..#
..##.....)......†#(.#..#
.........#.#..#(.†......
..##..#..#.#..#..#..#...
..##..#@o#.#..#..#..#...
......o$......#..#..#.#.
......ooo.....#..#..# .
.....................
....g.................
..#.#.#.##..###..#....
........# ..# ..#.#.#.#
..# .....g... ..


You could see 2 orc priests, 3 orcs and a goblin.

Vanquished Creatures
  5 adders
  A dart slug (D:2)
  5 leopard geckos
  An orc (D:3)
  2 ball pythons
  3 bats (D:2)
  3 giant cockroaches (D:2)
  4 goblins
  4 hobgoblins (D:1)
  2 jackals (D:2)
  11 kobolds
  6 frilled lizards
  8 rats
55 creatures vanquished.

Notes
Turn   | Place    | Note
-------+----------+-------------------------------------------
     0 | D:1      | DocSulfur the Demonspawn Gladiator began the quest for the
                  | Orb.
     0 | D:1      | Reached XP level 1. HP: 16/16 MP: 1/1
   259 | D:1      | Reached skill level 3 in Axes
   377 | D:1      | Gained mutation: When hurt, damage is shared between your
                  | health and your magic reserves. [demonic ancestry]
   377 | D:1      | Reached XP level 2. HP: 11/22 MP: 2/2
  1933 | D:2      | Reached XP level 3. HP: 15/27 MP: 1/3
  2229 | D:2      | Found an ornate altar of the Wu Jian Council.
  2620 | D:2      | Reached skill level 4 in Axes
  2624 | D:2      | Reached XP level 4. HP: 22/33 MP: 4/4
  3019 | D:2      | Found an ancient bone altar of Kikubaaqudgha.
  3178 | D:3      | Slain by an orc priest

Illustrated notes

Levels and vault maps discovered:
D:1:      giann_wishing_wells, layout_basic
D:2:      kennysheep_big_flooded_room, layout_basic, nzn_wu_jian_council_hall,
          nicolae_overflow_hidden_temple, nrook_loot_triangle,
          minmay_split_cup_small
D:3:      cheibrodos_pilgrimage, layout_basic

Skill      XL: |  1  2  3 |
---------------+----------+-----
Axes           | 3 4 |  4.3
Throwing       | 2 |  2.9
Fighting       | |  2.0
Dodging        | |  2.6

Action                   |  1- 3 |  4- 6 || total
-------------------------+-------+-------++-------
Melee: War axe           |   141 |    35 ||   176
Armor: Leather armour    |    27 |       ||    27
       Ring mail         |    55 |    20 ||    75
Dodge: Dodged            |   112 |    28 ||   140
